 Dungeon Crawl Stone Soup version 0.18-a0-846-g91b95b1 (webtiles) character file.

11 Gorice the Skirmisher (level 2, -1/22 HPs)
             Began as an Octopode Wanderer on Dec 20, 2015.
             Slain by a giant cockroach (2 damage)
             ... on level 1 of the Dungeon.
             The game lasted 00:02:51 (718 turns).

Gorice the Skirmisher (Octopode Wanderer)            Turns: 718, Time: 00:02:51

Health: -1/22      AC:  1    Str: 11    XL:     2   Next: 29%
Magic:  2/2        EV: 11    Int: 15    God:
Gold:   15         SH:  0    Dex: 10    Spells: 0 memorised, 1 level left

rFire  . . .     SeeInvis .     a - +2 spear
rCold  . . .     Gourm    .     (no shield)
rNeg   . . .     Faith    .     (helmet restricted)
rPois  .         Spirit   .     (no amulet)
rElec  .         Dismiss  .     (no ring)
rCorr  .         Reflect  .     (no ring)
SustAt .         Harm     .     (no ring)
MR     .....                    (no ring)
Stlth  ++++......               (no ring)
                                (no ring)
                                (no ring)
                                (no ring)

@: not resistant to hostile enchantments, stealthy
A: almost no armour, amphibious, 8 rings, constrict 8, camouflage 1, gelatinous
body 1
a: no special abilities


You were on level 1 of the Dungeon.
You were not hungry.

You visited 1 branch of the dungeon, and saw 1 of its levels.

You collected 15 gold pieces.

Inventory:

Hand Weapons
 a - a +2 spear (weapon)
 d - a +0 dagger
Missiles
 h - 2 tomahawks (quivered)
 Z - 19 stones
Scrolls
 c - a scroll of teleportation {!r}
 i - a scroll of identify {unknown}
 j - a scroll of fear {unknown}
Potions
 b - a potion of lignification {!q}
 e - a potion of flight {unknown}
Comestibles
 f - 2 bread rations {!e}
 g - a chunk of flesh


   Skills:
 + Level 4.2 Fighting
 * Level 2.4 Polearms
 + Level 0.6 Dodging
 - Level 4.0 Stealth
   Level 1.0 Shields


You had one spell level left.
You didn't know any spells.

Dungeon Overview and Level Annotations

Branches:
Dungeon (1/15)

Altars:


Innate Abilities, Weirdness & Mutations

You cannot wear most types of armour.
You are amphibious.
You can wear up to eight rings at the same time.
You can use your tentacles to constrict eight enemies at once.
Your skin changes colour to match your surroundings (Stealth).
Your rubbery body absorbs attacks (AC +1).


Message History

Ouch! That really hurt!
* * * LOW HITPOINT WARNING * * *
Damage: 17 (max 17)
You are too injured to fight recklessly!
The gnoll throws a throwing net.
The throwing net barely misses you.
The gnoll throws a throwing net.
The throwing net hits you.
You become entangled in the net!
You see here a throwing net.
You try to slip out of the net.
You try to slip out of the net.
Unknown command.
You break free from the net!
The gnoll barely misses you. The giant cockroach barely misses you.
You see here a throwing net.
Unknown command.
Unknown command.
Unknown command.
The giant cockroach closely misses you.
There is a stone staircase leading down here.
The giant cockroach bites you but does no damage.
The giant cockroach waves its antennae.
The giant cockroach bites you but does no damage.
The giant cockroach closely misses you. The giant cockroach bites you.
* * * LOW HITPOINT WARNING * * *
Damage: 2 (max 17)
A bat comes into view.
The giant cockroach closely misses you. The bat hits you.
* * * LOW HITPOINT WARNING * * *
Damage: 1 (max 17)
The bat barely misses you.
You hit the bat.
You kill the bat!
The giant cockroach bites you.
* * * LOW HITPOINT WARNING * * *
Damage: 2 (max 17) Some of the chunks of flesh in your inventory have rotted away.
You see here a bat corpse.
The giant cockroach closely misses you.
The giant cockroach bites you but does no damage.
The giant cockroach waves its antennae.
The giant cockroach bites you.
* * * LOW HITPOINT WARNING * * *
The giant cockroach closely misses you. The giant cockroach bites you.
* * * LOW HITPOINT WARNING * * *
Damage: 2 (max 17)
The giant cockroach bites you.
You die...

.#######..## #.# #.#
...........#####.####.#
.[.........+..........#
...........#####.######
...........# #.#
...........# #.#
...........## #.#
............# #^#
...†........# #@#
♣♣♣...♣♣♣...# #s# #
#♣.♣# #♣..# #.# ♣.♣
♣..# #g# # #♣.♣# #♣..#
#.# ♣♣♣...♣♣♣..g# #.#
............# #.#
♣♣♣...♣♣♣...####.# #
#♣.♣# #♣...g...#


You could see a gnoll and a giant cockroach.

Vanquished Creatures
  4 bats (D:1)
  A goblin (D:1)
  2 hobgoblins (D:1)
  A giant cockroach (D:1)
  A kobold (D:1)
  2 rats (D:1)
11 creatures vanquished.

Notes
Turn   | Place    | Note
--------------------------------------------------------------
     0 | D:1      | Gorice the Octopode Wanderer began the quest for the Orb.
     0 | D:1      | Gorice set off with: a +2 spear, a potion of lignification {!q}, a scroll of teleportation {!r}, a +0 dagger, a bread ration {!e}
     0 | D:1      | Reached XP level 1. HP: 17/17 MP: 1/1
   272 | D:1      | Reached XP level 2. HP: 22/22 MP: 2/2
   655 | D:1      | HP: 5/22 [gnoll/halberd (17)]
   685 | D:1      | HP: 5/22 [giant cockroach (2)]
   691 | D:1      | HP: 4/22 [bat (1)]
   706 | D:1      | HP: 3/22 [giant cockroach (1)]
   714 | D:1      | HP: 1/22 [giant cockroach (2)]
   718 | D:1      | Slain by a giant cockroach

Vault maps used:
D:1:      dpeg_arrival_fog, minmay_stone_trees_large,
          minmay_misc_feat_diagonals, minivault_23

Action                   || total
-------------------------++-------
Melee: Spear             ||    16
 Stab: Sleeping          ||     5

Table legend:
 A = Turns spent in this place as a percentage of turns spent in the entire game.
 B = Non-inter-level travel turns spent in this place as a percentage of non-inter-level travel turns spent in the entire game.
 C = Inter-level travel turns spent in this place as a percentage of turns spent in this place.
 D = Turns resting spent in this place as a percentage of non-inter-level travel turns spent in this place.
 E = Turns spent auto-exploring this place as a percentage of non-inter-level travel turns spent in this place.
 F = Non-inter-level travel turns spent in this place divided by the number of levels of this place that you've seen.
                   A       B       C       D       E      F
               +-------+-------+-------+-------+-------+----------------------
         Total | 100.0 | 100.0 |   0.0 |   0.0 |   7.2 | 235.0
       Dungeon | 100.0 | 100.0 |   0.0 |   0.0 |   7.2 | 235.0
               +-------+-------+-------+-------+-------+----------------------

Vault maps used:
D:1:      dpeg_arrival_fog, minmay_stone_trees_large,
          minmay_misc_feat_diagonals, minivault_23
